 Dungeon Crawl Stone Soup version 0.31-a0-844-gdc52ec4e09 (webtiles) character file.

Game seed: 4042395577861048210

21315 porpoise the Markshuman (level 13, -3/90 HPs)
             Began as a Human Hunter on Oct 1, 2023.
             Was a High Priest of Hepliaklqana.
             Slain by a seven-headed hydra (4 damage)
             ... on level 2 of the Lair of Beasts.
             The game lasted 00:40:14 (11770 turns).

porpoise the Markshuman (Human Hunter)             Turns: 11770, Time: 00:40:14

Health: -3/90      AC:  8    Str: 12    XL:     13   Next: 19%
Magic:  18/18      EV: 21    Int: 10    God:    Hepliaklqana [*****.]
Gold:   715        SH:  0    Dex: 21    Spells: 12/12 levels left

rFire   + . .        a - +3 arbalest (drain)
rCold   . . .        (shield currently unavailable)
rNeg    . . .        q - +1 leather armour {rF+}
rPois   .            (no helmet)
rElec   .            (no cloak)
rCorr   .            (no gloves)
SInv    .            (no boots)
Will    .....        (no amulet)
Stlth   ++           x - +4 ring of protection
HPRegen 0.35/turn    N - +5 ring of evasion
MPRegen 0.16/turn

%: no passive effects
@: no status effects
A: reduced essence
a: Renounce Religion, Recall Ancestor, Ancestor Identity, Transference, Idealise


You were on level 2 of the Lair of Beasts.
You worshipped Hepliaklqana.
Hepliaklqana was extremely pleased with you.
You visited 2 branches of the dungeon, and saw 12 of its levels.
You also visited: Bailey.

You collected 715 gold pieces.

Inventory:

Hand Weapons
 a - a +3 arbalest of draining (weapon)
 b - a +5 short sword of draining
 w - the +1 scimitar of Calculation {freeze, rPois rC+ rN++ Int-2}
   (You found it on level 2 of the Dungeon)

   Int-2:     It affects your intelligence (-2).
   rC+:       It protects you from cold.
   rPois:     It protects you from poison rN++: It greatly protects you from
   negative energy.
Missiles
 A - 2 curare-tipped darts
Armour
 q - a +1 leather armour of fire resistance (worn)
Jewellery
 f - the ring "Xilek" {+Blink Fly rC+ Will+ Dex-3}
   (You took it off a goblin on level 4 of the Dungeon)

   [ring of willpower]

   Dex-3:     It affects your dexterity (-3).
   rC+:       It protects you from cold.
   Will+:     It increases your willpower.
   Fly:       It grants you flight.
   +Blink:    It lets you blink.
 k - a ring of willpower
 m - a ring of resist corrosion
 x - a +4 ring of protection (left hand)
 M - a ring of see invisible
 N - a +5 ring of evasion (right hand)
Wands
 s - a wand of charming (26)
 t - a wand of polymorph (8)
 y - a wand of mindburst (30)
 I - a wand of roots (7)
 K - a wand of flame (45)
Scrolls
 e - a scroll of blinking
 g - a scroll of butterflies
 i - 2 scrolls of identify
Potions
 c - 3 potions of curing
 d - a potion of lignification
 h - 2 potions of invisibility
 j - 2 potions of attraction
 l - 2 potions of cancellation
 n - 3 potions of enlightenment
 r - a potion of haste
 C - a potion of berserk rage
Miscellaneous
 F - a lightning rod (4/4)
 H - a sack of spiders


   Skills:
 - Level 9.0 Fighting
 * Level 15.7 Ranged Weapons
 - Level 7.0 Armour
 - Level 7.0 Dodging
 + Level 1.1 Stealth
 - Level 7.0 Invocations
 + Level 0.2 Evocations


You had 12 spell levels left.
You didn't know any spells.
Your spell library contained the following spells:

 Spells                   Type           Power      Damage    Failure   Level
 Apportation              Tloc           0%         N/A       43%         1
 Necrotise                Necr           0%         1d4       43%         1
 Slow                     Hex            0%         N/A       43%         1
 Summon Small Mammal      Summ           0%         N/A       43%         1
 Lesser Beckoning         Tloc           0%         N/A       56%         2
 Call Canine Familiar     Summ           0%         N/A       80%         3
 Confusing Touch          Hex            0%         N/A       80%         3
 Gell's Gravitas          Tloc           0%         N/A       80%         3
 Sigil of Binding         Hex            0%         N/A       80%         3
 Summon Guardian Golem    Hex/Summ       0%         N/A       80%         3
 Teleport Other           Tloc           0%         N/A       80%         3
 Vampiric Draining        Necr           0%         2d6       80%         3
 Haunt                    Necr/Summ      0%         N/A       100%        7
 Borgnjor's Revivificati  Necr           0%         N/A       100%        8
 Death's Door             Necr           0%         N/A       100%        9


Dungeon Overview and Level Annotations

Branches:
Dungeon (10/15)            Temple (0/1) D:4            Lair (2/5) D:10
 Bailey (visited)
  Swamp: Lair:2-3    Shoals: Lair:2-3     Snake: Lair:2-3    Spider: Lair:2-3
    Orc: D:9-12

Altars:
Dithmenos
Gozag
Hepliaklqana
Kikubaaqudgha
Makhleb
Ru
Uskayaw
Vehumet
Xom
Yredelemnul


Message History

The seven-headed hydra bites you but does no damage.
The blink frog closely misses you.
The water moccasin completely misses you.
The basilisk moves out of view.
You swap places.
The water moccasin bites Nikki but does no damage.
The blink frog barely misses Nikki. x2; The blink frog blinks!
Something bites Nikki!
Something bites Nikki.
Something misses Nikki.
Something closely misses Nikki.
Nikki blocks something's attack. x2
Something bites Nikki but does no damage.
The water moccasin bites Nikki but does no damage.
The blink frog blinks!
Something hits Nikki but does no damage.
The blink frog closely misses Nikki.
Nikki hits the blink frog with a +0 flail.
The blink frog hits you!
Something hits Nikki.
Something misses Nikki.
The seven-headed hydra attacks as it pursues you!
The seven-headed hydra bites you!
The seven-headed hydra barely misses you.
The seven-headed hydra bites you!
* * * LOW HITPOINT WARNING * * *
The seven-headed hydra bites you.
* * * LOW HITPOINT WARNING * * *
The seven-headed hydra completely misses you. x2
The seven-headed hydra barely misses you.
There is a stone staircase leading up, spattered with blood here.
Something hits Nikki!
The blink frog hits you.
* * * LOW HITPOINT WARNING * * *
The seven-headed hydra bites you!
* * * LOW HITPOINT WARNING * * *
The seven-headed hydra bites you!
* * * LOW HITPOINT WARNING * * *
The seven-headed hydra bites you.
* * * LOW HITPOINT WARNING * * *
The seven-headed hydra misses you.
The seven-headed hydra bites you but does no damage. x2
The seven-headed hydra bites you.
You die...

##.## ###..... #..#
######...... #..###.#P.....#
##..........### #
#..........## #.
#...........### ...
#...........#.##### ..F.
#...........†..##.### .....
##R.D@................
......##F#SF.......#####.....
........#F.......... ######
......§.F#.†.......# #
........##.........# #
..?................#
........##........##
........###.......# ........#
##....


You could see the friendly Nikki the knight, a seven-headed hydra (ally target),
4 blink frogs and a water moccasin.

Vanquished Creatures
  3 death yaks (D:10)
  A skyshark (Lair:2)
  4 cane toads
  3 komodo dragons (Lair:1)
  9 blink frogs
  A hornet (D:7)
  Grinder (D:4)
  A wraith (D:10)
  2 shadows
  Eustachio (D:6)
  A wyvern (Lair:2)
  A basilisk (Lair:1)
  23 yaks
  Grum (D:8)
  A steam dragon (D:8)
  6 water moccasins
  A black bear (D:8)
  10 orc warriors
  2 ogres
  7 wolves
  10 centaurs
  A phantom (D:5)
  2 kobold brigands
  A gnoll sergeant (D:6)
  8 bullfrogs
  2 scorpions
  Dowan (D:6)
  6 killer bees
  A howler monkey (D:10)
  8 hounds
  A jelly (D:5)
  2 orc priests
  4 iguanas
  2 sleepcaps
  11 orc wizards
  A hell rat (D:10)
  12 gnolls
  6 adders
  A shadow imp (D:6)
  2 ufetubi
  A worm (D:3)
  3 dart slugs
  49 orcs
  5 ball pythons
  2 endoplasms
  2 giant cockroaches
  6 goblins
  4 hobgoblins
  5 jackals (D:1)
  24 kobolds
  10 quokkas
  5 bats
  A frilled lizard (D:1)
  6 rats
284 creatures vanquished.

Vanquished Creatures (collateral kills)
  A hydra (Lair:2)
  A two-headed ogre (D:9)
  A cane toad (Lair:1)
  A torpor snail (Lair:1)
  A blink frog (Lair:1)
  A hornet (D:10)
  9 yaks
  Duvessa (D:6)
  A water moccasin (D:8)
  2 orc warriors (Bailey)
  An ice beast (D:6)
  A black bear (D:8)
  3 wolves (D:8)
  5 centaurs
  A phantom (D:6)
  A kobold brigand (D:9)
  2 gnoll sergeants
  A killer bee (D:7)
  A hound (D:7)
  An orc priest (D:8)
  An iguana (D:6)
  An orc wizard (D:8)
  A hell rat (D:10)
  2 gnolls (D:9)
  A river rat (D:10)
  A white imp (D:7)
  10 orcs
  2 hobgoblins (D:4)
  A quokka (D:10)
  3 kobolds (D:7)
59 creatures vanquished.

Vanquished Creatures (others)
  3 knights
  An ancestor (D:5)
4 creatures vanquished.

Grand Total: 347 creatures vanquished

Notes
Turn   | Place    | Note
-------+----------+-------------------------------------------
     0 | D:1      | porpoise the Human Hunter began the quest for the Orb.
     0 | D:1      | Reached XP level 1. HP: 16/16 MP: 1/1
    77 | D:1      | Reached XP level 2. HP: 22/22 MP: 2/2
   230 | D:1      | Reached XP level 3. HP: 28/28 MP: 3/3
   709 | D:2      | Reached XP level 4. HP: 34/34 MP: 4/4
   840 | D:2      | Identified the +1 scimitar of Calculation {freeze, rPois
                  | rC+ rN++ Int-2}
   953 | D:2      | Reached skill level 5 in Ranged Weapons
  1691 | D:3      | Found a burning altar of Makhleb.
  1806 | D:3      | Reached XP level 5. HP: 39/41 MP: 5/5
  1920 | D:3      | Found an ancient bone altar of Kikubaaqudgha.
  2171 | D:3      | Reached XP level 6. HP: 29/47 MP: 6/6
  2311 | D:3      | Reached skill level 6 in Ranged Weapons
  2349 | D:3      | Found a faded altar of an unknown god.
  2388 | D:3      | Found a hazy altar of Hepliaklqana.
  2393 | D:3      | Became a worshipper of Hepliaklqana the Forgotten
  2719 | D:4      | Identified a scroll of acquirement
  2719 | D:4      | Acquired a +2 arbalest of draining
  2898 | D:4      | Noticed an ogre
  2910 | D:4      | Killed an ogre
  3002 | D:4      | Found a shadowy altar of Dithmenos.
  3007 | D:4      | Found a hide-covered altar of Uskayaw.
  3044 | D:4      | Noticed Grinder
  3047 | D:4      | Killed Grinder
  3048 | D:4      | Reached skill level 7 in Ranged Weapons
  3048 | D:4      | Reached XP level 7. HP: 55/55 MP: 7/7
  3085 | D:4      | Found a staircase to the Ecumenical Temple.
  3148 | D:4      | Identified the ring "Xilek" {+Blink Fly rC+ Will+ Dex-3}
  3260 | D:4      | Reached * piety under Hepliaklqana
  3373 | D:4      | Found a basalt altar of Yredelemnul.
  3905 | D:5      | Entered Level 5 of the Dungeon
  3968 | D:5      | Reached skill level 5 in Fighting
  4029 | D:5      | Reached XP level 8. HP: 16/55 MP: 8/8
  4033 | D:5      | Reached skill level 8 in Ranged Weapons
  4499 | D:5      | Found a radiant altar of Vehumet.
  4674 | D:6      | Reached ** piety under Hepliaklqana
  4675 | D:6      | Remembered your ancestor Nikki as a knight
  4733 | D:6      | Noticed Duvessa
  4738 | D:6      | Noticed Dowan
  4752 | D:6      | Killed Duvessa
  4753 | D:6      | Reached skill level 9 in Ranged Weapons
  4758 | D:6      | Reached XP level 9. HP: 34/62 MP: 9/9
  4769 | D:6      | Killed Dowan
  5118 | D:6      | Noticed Eustachio
  5122 | D:6      | Killed Eustachio
  5537 | D:7      | Reached skill level 10 in Ranged Weapons
  5660 | D:7      | Found a sacrificial altar of Ru.
  5666 | D:7      | Noticed a hornet
  5669 | D:7      | Paralysed by a hornet for 2 turns
  5675 | D:7      | Killed a hornet
  5676 | D:7      | Reached skill level 5 in Dodging
  6114 | D:7      | Found a flagged portal.
  6140 | Bailey   | Entered a bailey
  6153 | Bailey   | Reached XP level 10. HP: 71/71 MP: 8/10
  6397 | Bailey   | Reached skill level 11 in Ranged Weapons
  7050 | D:7      | Found a shimmering altar of Xom.
  7050 | D:7      | Found an opulent altar of Gozag.
  7379 | D:8      | Noticed Grum
  7391 | D:8      | Reached skill level 12 in Ranged Weapons
  7393 | D:8      | Killed Grum
  7489 | D:8      | Reached *** piety under Hepliaklqana
  7742 | D:8      | Reached XP level 11. HP: 54/78 MP: 11/11
  8181 | D:9      | Reached skill level 1 in Armour
  8452 | D:9      | Reached **** piety under Hepliaklqana
  8575 | D:9      | Noticed a two-headed ogre
  8579 | D:9      | Killed a two-headed ogre
  8580 | D:9      | Reached skill level 13 in Ranged Weapons
  8580 | D:9      | Reached skill level 1 in Invocations
  8770 | D:10     | Entered Level 10 of the Dungeon
  9102 | D:10     | Noticed a death yak
  9106 | D:10     | Noticed a death yak
  9107 | D:10     | Noticed a death yak
  9113 | D:10     | Killed a death yak
  9330 | D:10     | Found a staircase to the Lair.
  9494 | D:10     | Reached ***** piety under Hepliaklqana
  9603 | D:10     | Killed a death yak
  9613 | D:10     | Killed a death yak
  9614 | D:10     | Reached XP level 12. HP: 11/85 MP: 14/14
  9897 | Lair:1   | Entered Level 1 of the Lair of Beasts
  9907 | Lair:1   | Reached skill level 14 in Ranged Weapons
 10288 | D:10     | Reached skill level 5 in Armour
 10385 | Lair:1   | Reached skill level 5 in Invocations
 10921 | Lair:1   | Reached skill level 15 in Ranged Weapons
 11503 | Lair:2   | Reached XP level 13. HP: 90/90 MP: 17/17
 11700 | Lair:2   | Noticed a six-headed hydra
 11705 | Lair:2   | Killed a six-headed hydra
 11756 | Lair:2   | Noticed a seven-headed hydra
 11770 | Lair:2   | HP: 1/90 [seven-headed hydra (6)]
 11770 | Lair:2   | Slain by a seven-headed hydra

Illustrated notes

Levels and vault maps discovered:
D:1:      erik_arrival_orb_chamber, layout_basic
D:2:      layout_basic
D:3:      layout_loops_corners, mainiacjoe_overflow_alcove_1,
          worldfamousw_hep_ancestral_shrine,
          mainiacjoe_overflow_six_doors_small,
          shapermc_ecumenical_altar_mp_ritualfount
D:4:      layout_basic, grunt_temple_overflow_open,
          mainiacjoe_overflow_concentric_impassable,
          minmay_temple_entry_offerings, chequers_ossuary_entry_cave,
          serial_glass, glass_columns_b, glass_columns_c, fountainhead,
          uniq_grinder
D:5:      layout_loops_ring, kennysheep_little_box
D:6:      layout_loops_ring, uniq_eustachio, uniq_duvessa
D:7:      layout_loops_cross, gammafunk_temple_overflow_elements,
          mainiacjoe_overflow_tiny_flanked, enter_bailey_8
D:8:      layout_gridville, uniq_grum
D:9:      layout_cave_pools
D:10:     layout_gridville, dpeg_lair_monsters, minivault_24
Lair:1:   layout_gridlike, grunt_megastairs_5
Lair:2:   layout_cave_pods, dreamdust_gnoll_shepherd, uniq_nergalle

Skill      XL: |  1  2  3  4  5  6  7  8  9 10 11 12 13 |
---------------+----------------------------------------+-----
Fighting       | 3 4 5 6 7 8 9 |  9.0
Ranged Weapons | 5 7 9 10 12 13 15 | 15.7
Dodging        | 3 5 7 |  7.0
Armour         | 4 6 7 |  7.0
Invocations    | 3 6 7 |  7.0
Stealth        | |  1.1
Evocations     | |  0.2

Action                     |  1- 3 |  4- 6 |  7- 9 | 10-12 | 13-15 || total
---------------------------+-------+-------+-------+-------+-------++-------
  Melee: Short sword       |    11 |    68 |    37 |    64 |       ||   180
   Fire: Shortbow          |    63 |    53 |       |       |       ||   116
         Arbalest          |       |    12 |   146 |   387 |    34 ||   579
 Invoke: Ancestor Identity |       |       |     1 |       |       ||     1
         Ancestor Life: Kn |       |       |     1 |       |       ||     1
         Recall Ancestor   |       |       |     1 |     3 |       ||     4
  Evoke: Wand              |       |       |       |     1 |       ||     1
    Use: Scroll            |       |    14 |     4 |     3 |       ||    21
         Potion            |       |       |       |     4 |       ||     4
   Stab: Sleeping          |       |     1 |       |     1 |       ||     2
         Distracted        |       |       |       |     1 |       ||     1
 Armour: Leather armour    |    19 |    42 |    58 |   132 |    22 ||   273
  Dodge: Dodged            |    25 |    27 |    52 |   276 |    20 ||   400

Table legend: (Time is in decaauts)
 A = Elapsed time spent in this place.
 B = Non-inter-level travel time spent in this place.
 C = Inter-level travel time spent in this place.
 D = Time resting spent in this place.
 E = Time spent auto-exploring this place.
 F = Levels seen in this place.
 G = Mean time per level.
                   A        B        C        D        E       F      G
               +--------+--------+--------+--------+--------+-----+--------+
         Total |  12001 |  11596 |    405 |   2338 |   6913 |  13 |  923.2 |
       Dungeon |   9710 |   9364 |    346 |   1785 |   5950 |  10 |  971.0 |
          Lair |   1481 |   1423 |     58 |    363 |    736 |   2 |  740.5 |
        Bailey |    810 |    810 |      0 |    189 |    227 |   1 |  810.0 |
               +--------+--------+--------+--------+--------+-----+--------+

Top non-repeatable levels by time:
    D:10: 1471 daAuts
  Lair:1: 1175 daAuts
     D:3: 1171 daAuts
     D:4: 1153 daAuts
     D:2: 1051 daAuts
     D:7: 1051 daAuts
     D:8: 1042 daAuts
     D:6: 831 daAuts
  Bailey: 810 daAuts
     D:5: 778 daAuts
     D:9: 598 daAuts
     D:1: 560 daAuts
  Lair:2: 305 daAuts
